 Dungeon Crawl Stone Soup version 0.31-a0-198-g2ad674f65e (webtiles) character file.

Game seed: 13944319537413002092

176 qw the Skirmisher (level 5, -3/29 HPs)
             Began as a Deep Elf Hunter on June 25, 2023.
             Slain by a water moccasin (7 damage)
             ... on level 6 of the Dungeon.
             The game lasted 00:00:47 (2232 turns).

qw the Skirmisher (Deep Elf Hunter)                 Turns: 2232, Time: 00:00:48

Health: -3/29      AC:  4    Str: 10    XL:     5   Next: 30%
Magic:  7/7        EV: 12    Int: 14    God:
Gold:   164        SH:  5    Dex: 18    Spells: 4/4 levels left

rFire   . . .        Y - +0 shortbow
rCold   . . .        (shield currently unavailable)
rNeg    . . .        c - +0 leather armour
rPois   .            h - +0 helmet
rElec   .            (no cloak)
rCorr   .            (no gloves)
SInv    .            (no boots)
Will    .....        j - amulet of reflection
Stlth   ++           (no ring)
HPRegen 0.24/turn    (no ring)
MPRegen 0.10/turn

%: reflection
@: lethally poisoned (-3 -> -5)
A: no striking features
a: no special abilities


You were on level 6 of the Dungeon.
You visited 1 branch of the dungeon, and saw 4 of its levels.

You collected 164 gold pieces.


   Skills:
 - Level 1.5 Fighting
 + Level 8.8 Ranged Weapons
 - Level 2.4 Dodging
 - Level 1.2 Stealth


You had 4 spell levels left.
You didn't know any spells.
Your spell library was empty.

Inventory:

Hand Weapons
 Y - a +0 shortbow (weapon)
Armour
 b - a +0 ring mail
 c - a +0 leather armour (worn)
 h - a +0 helmet (worn)
Jewellery
 j - an amulet of reflection (around neck)
Scrolls
 d - a scroll of blinking {unknown}
 f - a scroll of identify
 g - a scroll of torment {unknown}
Potions
 a - 2 potions of curing
 e - a potion of ambrosia {unknown}

Dungeon Overview and Level Annotations

Branches:
Dungeon (3/15)

Altars:
Kikubaaqudgha


Message History

The water moccasin is moderately wounded.
You shoot an arrow.
The arrow barely misses the water moccasin.
You block the water moccasin's attack.
You shoot an arrow.
The arrow hits the water moccasin but does no damage.
The water moccasin is moderately wounded.
The water moccasin closely misses you.
You shoot an arrow.
The arrow barely misses the water moccasin.
The water moccasin bites you.
You are poisoned.
The water moccasin poisons you! The water moccasin bites you.
You shoot an arrow. The arrow misses the water moccasin.
You feel very sick. The water moccasin barely misses you.
You shoot an arrow. The arrow misses the water moccasin.
You feel very sick.
The water moccasin bites you but does no damage.
The water moccasin closely misses you.
You shoot an arrow.
The arrow completely misses the water moccasin.
You feel sick. The water moccasin closely misses you.
You shoot an arrow.
The arrow closely misses the water moccasin.
You feel sick. The water moccasin bites you!
You shoot an arrow. The arrow misses the water moccasin.
You feel sick. The water moccasin bites you. x2
You shoot an arrow.
The arrow closely misses the water moccasin.
The water moccasin bites you but does no damage.
You shoot an arrow.
The arrow barely misses the water moccasin.
You feel sick.
The water moccasin bites you but does no damage. x2
You shoot an arrow.
The arrow hits the water moccasin but does no damage.
The water moccasin is moderately wounded.
You feel sick. The water moccasin bites you!
You die...

######......##..
#...............
#.####.###..###.
##.####.###..#
.............#
##.####.####.# #
#.# .# ..#
##.####.####.#....#
...........@S.....[
##..#####.........#
# #..........
#..........
...#+#..... ....#
..... .....# .###
#...... .# #....#


You could see a water moccasin.

Vanquished Creatures
  A howler monkey (D:6)
  Robin (D:2)
  5 adders
  A white imp (D:6)
  An ufetubus (D:6)
  A worm (D:2)
  A dart slug (D:1)
  5 ball pythons
  6 bats
  6 endoplasms
  A giant cockroach (D:3)
  10 goblins
  11 hobgoblins
  4 jackals (D:1)
  3 quokkas (D:1)
  2 kobolds
  3 rats (D:1)
62 creatures vanquished.

Notes
Turn   | Place    | Note
-------+----------+-------------------------------------------
     0 | D:1      | qw the Deep Elf Hunter began the quest for the Orb.
     0 | D:1      | Reached XP level 1. HP: 12/12 MP: 3/3
     0 | D:1      | 0 ||| qw: Version: 0.3-a-22-g0ed2b0b
     0 | D:1      | 0 ||| qw: Game counter: 5403
     0 | D:1      | 0 ||| qw: Melee chars always use a shield: true
     0 | D:1      | 0 ||| qw: God list: Okawaru
     0 | D:1      | 0 ||| qw: Allow faded altars: false
     0 | D:1      | 0 ||| qw: Do Orc after clearing Dungeon:15 true
     0 | D:1      | 0 ||| qw: Do second Lair branch before Depths: true
     0 | D:1      | 0 ||| qw: Lair rune preference: random
     0 | D:1      | 0 ||| qw: Goals: Normal
     0 | D:1      | 0 ||| PLANNING D:1-11
   177 | D:1      | Reached XP level 2. HP: 16/16 MP: 4/4
   178 | D:1      | Reached skill level 6 in Ranged Weapons
   574 | D:1      | Reached XP level 3. HP: 20/20 MP: 5/5
   778 | D:1      | 778 ||| READING scroll labelled SATURU HIPOSY.
   779 | D:1      | 779 ||| READING 2 scrolls labelled XIOD DIMNIASMA.
   780 | D:1      | 780 ||| DRINKING 2 metallic red potions.
   781 | D:1      | 781 ||| DROPPING scroll of butterflies.
   782 | D:1      | 782 ||| DROPPING potion of brilliance.
   784 | D:1      | 784 ||| Stepping ~*~*~tactically~*~*~ (cloud).
   994 | D:2      | Reached skill level 7 in Ranged Weapons
  1190 | D:2      | Noticed Robin
  1198 | D:2      | Killed Robin
  1199 | D:2      | Reached XP level 4. HP: 24/25 MP: 6/6
  1827 | D:2      | 1827 ||| UPGRADING to +0 helmet.
  1832 | D:2      | 1832 ||| UPGRADING to amulet of reflection.
  1837 | D:2      | 1837 ||| DROPPING ring of magical power.
  1838 | D:2      | 1838 ||| READING scroll labelled OQISIRHAMPA.
  1842 | D:2      | 1842 ||| READING scroll labelled YVAEQO ONOE.
  1843 | D:2      | 1843 ||| DRINKING 2 yellow potions.
  1844 | D:2      | 1844 ||| READING 2 scrolls of identify.
  1844 | D:2      | 1844 ||| IDENTIFYING purple potion
  1845 | D:2      | 1845 ||| DROPPING potion of lignification.
  1881 | D:3      | Found an ancient bone altar of Kikubaaqudgha.
  1946 | D:3      | Reached skill level 8 in Ranged Weapons
  2015 | D:3      | You fall into a shaft and drop 3 floors!
  2098 | D:6      | Reached XP level 5. HP: 29/29 MP: 7/7
  2108 | D:6      | HP: 7/29 [white imp/puff of frost (6)]
  2220 | D:6      | Noticed a water moccasin
  2229 | D:6      | HP: 6/29 [water moccasin (3)]
  2232 | D:6      | Slain by a water moccasin

Levels and vault maps discovered:
D:1:      doesnt_arrival_eight_statues, layout_basic, minmay_heptomino_o4
D:2:      layout_loops_corners, minmay_misc_feat_doors, nicolae_half_adder,
          uniq_robin
D:3:      layout_loops_ring, amcnicky_altar_gilded
D:6:      layout_basic, worldfamousw_hep_ancestral_shrine,
          hellmonk_okawaru_the_only_friend_you_need, dk_vineyard_3

Skill      XL: |  1  2  3  4 |
---------------+-------------+-----
Ranged Weapons | 6 7 8 |  8.8
Fighting       | |  1.5
Dodging        | |  2.4
Stealth        | |  1.2

Action                     |  1- 3 |  4- 6 || total
---------------------------+-------+-------++-------
   Fire: Shortbow          |    80 |   105 ||   185
    Use: Scroll            |     2 |     3 ||     5
         Potion            |     1 |     1 ||     2
 Armour: Leather armour    |     6 |    13 ||    19
  Dodge: Dodged            |    21 |    30 ||    51
  Block: Other             |       |     9 ||     9

Table legend:
 A = Non-vault XP
 B = Vault XP
 C = Vault XP percentage of total XP
 D = Non-vault monster count
 E = Vault monster count
 F = Vault count percentage of total count
                 A         B        C        D         E       F
            +---------+---------+-------+---------+---------+-------
      Total |     189 |      63 |  25.0 |      48 |      14 |  22.6
            +---------+---------+-------+---------+---------+-------
        D:1 |      46 |       1 |   2.1 |      25 |       1 |   3.8
        D:2 |      17 |      62 |  78.5 |       8 |      13 |  61.9
        D:3 |      56 |       0 |   0.0 |      12 |       0 |   0.0
        D:6 |      70 |       0 |   0.0 |       3 |       0 |   0.0
            +---------+---------+-------+---------+---------+-------
